 Dungeon Crawl Stone Soup version 0.15-a0-35-ga771cbd (webtiles) character file.

87 4tharraofdagon the Chopper (level 3, 3/29 HPs)
             Began as a Demonspawn Berserker on Apr 2, 2014.
             Was a Follower of Trog.
             Quit the game on Level 6 of the Dungeon.
             The game lasted 00:03:29 (538 turns).

4tharraofdagon the Chopper (Demonspawn Berserker)    Turns: 538, Time: 00:03:29

HP   3/29        AC  2     Str 18      XL: 3   Next: 78%
MP   1/3         EV 12     Int  8      God: Trog [*.....]
Gold 28          SH  0     Dex 12      Spells:  0 memorised,  2 levels left

rFire  . . .     SeeInvis .     a - +0 hand axe
rCold  . . .     Clarity  .     b - +0 animal skin
rNeg   . . .     Conserve .     (no shield)
rPois  .         rCorr    .     (no helmet)
rElec  .         rRot     .     (no cloak)
SustAb . .       Spirit   +     (no gloves)
rMut   .         Warding  .     (no boots)
Saprov . . .     Stasis   .     (no amulet)
MR     .....                    (no ring)
                                (no ring)

@: not resistant to hostile enchantments, unstealthy
A: magic shield
a: Burn Spellbooks, Berserk, Renounce Religion


You were on level 6 of the Dungeon.
You worshipped Trog.
Trog was aware of your devotion.
You were very hungry.

You visited 1 branch of the dungeon, and saw 6 of its levels.

You collected 28 gold pieces.

Inventory:

Hand weapons
 a - a +0,+0 hand axe (weapon)
Armour
 b - a +0 animal skin (worn)
Comestibles
 c - a bread ration
 i - a meat ration
Scrolls
 d - 4 scrolls of identify
 g - a scroll of teleportation {unknown}
 h - a scroll of random uselessness


   Skills:
 + Level 3.3 Fighting
 * Level 3.6 Axes
 + Level 2.5 Armour
 - Level 1.7 Dodging


You had 2 spell levels left.
You didn't know any spells.

Dungeon Overview and Level Annotations

Branches:
Dungeon (6/15)
 Temple: D:4-7

Altars:

Annotations:
D:6 Eustachio


Innate Abilities, Weirdness & Mutations

When hurt, damage is shared between your health and your magic reserves.


Message History

Found 13 gold pieces!
The quokka closely misses you!
An ogre comes into view! It is wielding a giant club!
The ogre shouts!!!
The jelly misses you! The quokka bites you!
* * * LOW HITPOINT WARNING * * *
2 orc warriors and Eustachio come into view!
Eustachio shouts!!!
The orc warrior shouts!!!
The orc warrior shouts!!!
The phantom blinks!!!
The ogre barely misses you! The quokka bites you!
* * * LOW HITPOINT WARNING * * *
A wight comes into view! It is wielding a long sword!
Unknown command!
Unknown command!
An orc warrior comes into view! It is wielding a long sword!
The orc warrior shouts!!!
Found a glowing great sword!
Unknown command!
Unknown command!
Are you sure you want to abandon this character and quit the game? (Confirm with "yes"!)

. #####..##
........#^#
####........###.
#..............o.
#....$.......z...
#+######.........o@..#
......#.........o....#
.............###@###
............n.Jr...#
..............O....#
.............?.....#
..............p....+
....##.............#
....##.......###.###
....##.......# #.#
)%%.########## #.#


You could see Eustachio, a phantom, 3 orc warriors, an ogre, a necrophage, a
jelly, a wight and a quokka.

Vanquished Creatures
  A hound (D:6)
  A worm (D:2)
  An iguana zombie (D:6)
  3 orcs (D:6)
  4 goblins
  2 hobgoblins (D:2)
  3 bats (D:2)
  4 kobolds
19 creatures vanquished.

Notes
Turn   | Place    | Note
--------------------------------------------------------------
     0 | D:1      | 4tharraofdagon, the Demonspawn Berserker, began the quest for the Orb.
     0 | D:1      | Reached XP level 1. HP: 18/18 MP: 1/1
   126 | D:2      | Gained mutation: When hurt, damage is shared between your health and your magic reserves. [demonic ancestry]
   126 | D:2      | Reached XP level 2. HP: 10/24 MP: 2/2
   199 | D:2      | HP: 1/36 [bat (1)]
   330 | D:4      | Noticed a phantom
   338 | D:5      | Entered Level 5 of the Dungeon
   374 | D:6      | Acquired Trog's second power
   399 | D:6      | Noticed a phantom
   405 | D:6      | Reached XP level 3. HP: 29/29 MP: 1/3
   508 | D:6      | Noticed a necrophage
   531 | D:6      | Noticed an ogre
   536 | D:6      | Noticed Eustachio
   536 | D:6      | Noticed an orc warrior
   536 | D:6      | Noticed an orc warrior
   537 | D:6      | Noticed a wight
   537 | D:6      | Noticed an orc warrior
   538 | D:6      | Quit the game

Action                   || total
-------------------------++-------
Melee: Hand axe          ||    78
Invok: Berserk           ||     4
       Trog's Hand       ||     3
  Use: Potion            ||     5
       Scroll            ||     1
